 Dungeon Crawl Stone Soup version 0.31.0-11-ge490571c62 (webtiles) character file.

Game seed: 4605259897053418693

82 javelincjr the Ruffian (level 4, -4/33 HPs)
             Began as a Djinni Shapeshifter on Jan 31, 2024.
             Slain by Crazy Yiuf
             ... wielding a +3 quarterstaff of chaos
              (13 damage)
             ... on level 3 of the Dungeon.
             The game lasted 00:04:32 (1538 turns).

javelincjr the Ruffian (Djinni Shapeshifter)        Turns: 1538, Time: 00:04:32

Health: -4/33      AC: -2    Str: 15    XL:     4   Next: 70%
Gold:   103        EV: 12    Int: 11    God:
                   SH:  0    Dex: 13

rFire   + + .        j - +2 trident (freeze)
rCold   x . .        (no shield)
rNeg    . . .        a - +0 animal skin
rPois   ∞            (helmet currently unavailable)
rElec   .            (cloak currently unavailable)
rCorr   .            (gloves currently unavailable)
SInv    .            (boots unavailable)
Will    .....        l - amulet of regeneration
Stlth   +            (no ring)
HPRegen 1.05/turn    (no ring)
MPRegen 0.00/turn

%: infuse magic (-5 HP)
@: beast-form, corroded, flying
A: beast (slay +1), flying, sickness immunity, fire resistance 2, cold
vulnerability 1, float, innate caster, HP casting, extra vitality 1
a: Begin Untransformation


You were on level 3 of the Dungeon.
You were a hulking beast.
You visited 1 branch of the dungeon, and saw 3 of its levels.

You collected 103 gold pieces.

Inventory:

Hand Weapons
 j - a +2 trident of freezing (weapon)
Missiles
 g - 8 boomerangs (quivered)
 h - 4 poisoned darts
Armour
 a - a +0 animal skin (worn)
Jewellery
 l - an amulet of regeneration (around neck)
Talismans
 c - a beast talisman
 d - a flux talisman
Scrolls
 e - a scroll of brand weapon {unknown}
 k - a scroll of blinking {unknown}
Potions
 b - a potion of lignification
 f - a potion of resistance {unknown}
 i - a potion of heal wounds {unknown}
 m - a potion of magic {unknown}
 o - 3 potions of curing {unknown}


   Skills:
 + Level 1.9 Fighting
 + Level 2.9 Dodging
 + Level 3.4 Unarmed Combat
 * Level 3.4 Shapeshifting


You knew the following spells:

 Your Spells              Type           Power      Damage    Failure   Level
a - Shock                 Conj/Air       0%         1d3       34%         1
Your spell library was empty.

Dungeon Overview and Level Annotations

Branches:
Dungeon (3/15)

Altars:

Shops:
D:1 (

Annotations:
D:3 Crazy Yiuf


Innate Abilities, Weirdness & Mutations

You are a hulking beast.
Your limbs bulge with bestial killing power. (Slay +1)
You are flying.
You are immune to sickness and miasma.
You are immune to poison.
Your flesh is very heat resistant. (rF++)
You are vulnerable to cold. (rC-)
You float through the air rather than walking.
You learn spells naturally, not from books.
Your magical power is your life essence.
You have superior vitality. (+4 MHP)


Message History

Found three hammers.
Found three hammers and a glowing hammer.
Found a hammer.
A giant cockroach comes into view.
You see here a +0 hammer.
You see here a +0 hammer.
You see here a +0 hammer.
You hit the fungus.
The fungus begins to die.
You freeze the fungus.
The fungus is lightly damaged.
You hit the fungus but do no damage.
The fungus is lightly damaged.
The giant cockroach closely misses you.
You closely miss the giant cockroach. The giant cockroach bites you.
The giant cockroach closely misses you.
You puncture the giant cockroach! You freeze the giant cockroach.
You kill the giant cockroach!
A nearby fungus withers and dies.
No target in view!
No target in view!
Found a hammer.
Found a runed translucent door.
Crazy Yiuf shouts!
Crazy Yiuf laughs, "Snoogle shoe Xom!"
You reach down and open the door.
You hit Crazy Yiuf. You freeze Crazy Yiuf.
Crazy Yiuf is moderately wounded.
Crazy Yiuf hits you with a +3 quarterstaff of chaos!
You barely miss Crazy Yiuf.
Crazy Yiuf is moderately wounded.
Crazy Yiuf hits you with a +3 quarterstaff of chaos!
Crazy Yiuf freezes you.
You barely miss Crazy Yiuf.
Crazy Yiuf is moderately wounded.
Crazy Yiuf closely misses you.
Crazy Yiuf hits you with a +3 quarterstaff of chaos!
* * * LOW HITPOINT WARNING * * *
The acid corrodes you!
You hit Crazy Yiuf but do no damage.
Crazy Yiuf is moderately wounded.
Crazy Yiuf hits you with a +3 quarterstaff of chaos!
You die...

...####))))#
# #...'.###.
.. #))))#
###'###.#...
#.†#P#
#.......#P#.
##...#
#>......#...
##.##
#.......###.
##.#
#.......#PP.
#.##
#.......###)
##.#
#.......#..)
#h##
#.......#P#.
#g#
#.......#...
...
#.......###.
#...#
#.......#...
#)..#
#######)....
#####
#######..
........#
#######.#
#.#


You could see Crazy Yiuf.

Vanquished Creatures
  Terence (D:3)
  3 dart slugs (D:1)
  A ribbon worm (D:3)
  4 orcs (D:3)
  3 bats
  4 endoplasms
  A giant cockroach (D:3)
  4 hobgoblins
  6 jackals
  2 kobolds (D:1)
  4 ball pythons
  7 frilled lizards
  3 rats (D:1)
43 creatures vanquished.

Notes
Turn   | Place    | Note
-------+----------+-------------------------------------------
     0 | D:1      | javelincjr the Djinni Shapeshifter began the quest for the
                  | Orb.
     0 | D:1      | Reached XP level 1. HP: 17/17 MP: 0/0
   133 | D:1      | Reached XP level 2. HP: 19/22 MP: 0/0
   555 | D:1      | Reached XP level 3. HP: 25/27 MP: 0/0
   555 | D:1      | Learned a level 1 spell: Shock
   700 | D:1      | Found Ziecw's Antique Weapon Shoppe.
  1359 | D:3      | Found a faded altar of an unknown god.
  1373 | D:3      | Reached XP level 4. HP: 23/33 MP: 0/0
  1395 | D:3      | Noticed Terence
  1405 | D:3      | Killed Terence
  1530 | D:3      | Found a runed translucent door.
  1531 | D:3      | Noticed Crazy Yiuf
  1538 | D:3      | Slain by Crazy Yiuf

Illustrated notes

Levels and vault maps discovered:
D:1:      dpeg_arrival_oval, layout_basic, serial_shops,
          nicolae_shop_dealshenge, kennysheep_another_room,
          minmay_misc_feat_alley
D:2:      layout_basic, minmay_lizard_pond
D:3:      layout_basic, shapermc_ecumenical_altar_mp_urbaneastern,
          gup_sewer_entry_bubbles, minmay_misc_feat_roman,
          uniq_crazy_yiuf_cottage, uniq_grinder, uniq_terence, uniq_natasha

Skill      XL: |  1  2 |
---------------+-------+-----
Shapeshifting  | 3 |  3.4
Fighting       | |  1.9
Dodging        | |  2.9
Unarmed Combat | |  3.4

Action                     |  1- 3 |  4- 6 || total
---------------------------+-------+-------++-------
  Melee: Unarmed           |    58 |       ||    58
         Trident           |    50 |    31 ||    81
  Throw: Boomerang         |       |     7 ||     7
    Use: Scroll            |     3 |       ||     3
   Stab: Sleeping          |     1 |       ||     1
 Armour: Animal skin       |    46 |    15 ||    61
  Dodge: Dodged            |    55 |    14 ||    69
